 Dungeon Crawl Stone Soup version 0.26.0-45-g9c1d065592 (webtiles) character file.

Game seed: 7052655690666138083

494 Eurus the Insei (level 6, -8/48 HPs)
             Began as a Draconian Transmuter on Jan 30, 2021.
             Killed from afar by Ijyb (12 damage)
             ... with a bolt of acid
             ... on level 5 of the Dungeon.
             The game lasted 00:12:17 (5615 turns).

Eurus the Insei (Draconian Transmuter)              Turns: 5615, Time: 00:12:18

Health: -8/48      AC:  6    Str: 13    XL:     6   Next: 92%
Magic:  11/11      EV: 12    Int: 13    God:
Gold:   220        SH:  0    Dex: 13    Spells: 9/12 levels left

rFire    . . .     SeeInvis .     - Unarmed
rCold    . . .     Faith    .   (no shield)
rNeg     . . .     Spirit   .   (armour unavailable)
rPois    .         Reflect  .   (helmet currently unavailable)
rElec    .         Harm     .   (no cloak)
rCorr    .         Rampage  .   (no gloves)
Will     .....                  (boots currently unavailable)
Stlth    +.........             (no amulet)
HPRegen  0.16/turn              (no ring)
MPRegen  0.12/turn              (no ring)

@: appendages (expiring)
A: unfitting armour, horns 2, talons 2, cold-blooded, AC +6
a: End Transformation


You were on level 5 of the Dungeon.
You had grown temporary horns.
You had grown temporary talons.
You visited 1 branch of the dungeon, and saw 5 of its levels.

You collected 220 gold pieces.

Inventory:

Jewellery
 u - an uncursed ring of ice
Wands
 q - a wand of enslavement (7)
 t - a wand of acid (7)
Scrolls
 a - 2 scrolls of teleportation
 c - 2 scrolls of blinking
 d - 2 scrolls of remove curse
 e - 3 scrolls of identify
Potions
 b - 2 potions of curing
 f - a potion of ambrosia {unknown}
 g - a potion of brilliance {unknown}
 i - 2 potions of might {unknown}
 k - a potion of lignification {unknown}
 l - a potion of cancellation {unknown}
 r - a potion of mutation {unknown}
 s - a potion of degeneration {unknown}


   Skills:
 + Level 2.1 Fighting
 + Level 2.3 Dodging
 + Level 5.5 Unarmed Combat
 + Level 3.6 Spellcasting
 + Level 4.0 Transmutations


You had 9 spell levels left.
You knew the following spells:

 Your Spells              Type           Power        Failure   Level
a - Beastly Appendage     Tmut           24%          4%          1
b - Wereblood             Tmut           12%          6%          2

Your spell library contained the following spells:

 Spells                   Type           Power        Failure   Level
 Spider Form              Tmut/Pois      3%           28%         3
 Ice Form                 Ice/Tmut       7%           67%         4
 Blade Hands              Tmut           6%           75%         5


Dungeon Overview and Level Annotations

Branches:
Dungeon (5/15)
 Temple: D:4-7

Altars:
Nemelex Xobeh
Okawaru
Uskayaw
Zin

Shops:
D:5 }

Annotations:
D:3 1 runed translucent door, chimenez's ghost, amateur DgFi
D:5 Ijyb


Innate Abilities, Weirdness & Mutations

Your plain brown scales are hard. (AC +6)
You cannot fit into any form of body armour.
You are cold-blooded and may be slowed by cold attacks.
You have a pair of horns on your head.
You have razor-sharp toenails.


Message History

You headbutt Ijyb, but do no damage.
Ijyb is lightly wounded.
The gnoll completely misses you.
Ijyb zaps a wand.
The bolt of acid misses you.
You hit Ijyb. Your headbutt misses Ijyb.
Ijyb is moderately wounded.
Ijyb completely misses you.
The gnoll hits you from afar with a +0 halberd!
The gnoll hits you from afar with a cursed -1 spear!
* * * LOW HITPOINT WARNING * * *
You barely miss Ijyb.
Ijyb is moderately wounded.
Ijyb hits you but does no damage.
A gnoll comes into view. It is wielding a +0 whip.
The gnoll barely misses you.
The gnoll hits you from afar with a cursed -1 spear.
* * * LOW HITPOINT WARNING * * *
Your transformation is almost over.
Ijyb screams, "I cut your head off!"
Ijyb zaps a wand.
The bolt of acid hits you!
You die...

...###..............
....................
............<..# ..
..............#'#..
................'∩g ...
##........gg# ....
#.......g#.#
.(..##........#.#
#........#....@#.#.).....
...........####....+.......
..........##......#.......
..........##......#.......
.........##.....>+.......
##................##.......
.)#[..............#........
.<.[.#####.................
†.#[.(..##.....###.......[.


You could see Ijyb and a gnoll.

Vanquished Creatures
  3 wights
  An orc priest (D:5)
  An orc wizard (D:3)
  2 worker ants
  Robin (D:3)
  4 gnolls
  6 adders
  A white imp (D:4)
  2 worms
  3 dart slugs (D:1)
  4 leopard geckos
  18 orcs
  7 giant cockroaches
  21 goblins
  7 hobgoblins
  7 jackals
  2 quokkas
  2 ball pythons
  11 bats
  8 frilled lizards
  4 kobolds
  10 rats
125 creatures vanquished.

Notes
Turn   | Place    | Note
-------+----------+-------------------------------------------
     0 | D:1      | Eurus the Draconian Transmuter began the quest for the Orb.
     0 | D:1      | Reached XP level 1. HP: 16/16 MP: 3/3
   305 | D:1      | Reached XP level 2. HP: 14/23 MP: 5/5
  1146 | D:1      | Reached XP level 3. HP: 24/28 MP: 4/6
  1558 | D:2      | Learned a level 2 spell: Wereblood
  1611 | D:2      | Reached skill level 4 in Unarmed Combat
  1730 | D:1      | Reached XP level 4. HP: 35/35 MP: 5/7
  2745 | D:2      | Reached XP level 5. HP: 38/40 MP: 5/9
  3083 | D:3      | Found a hide-covered altar of Uskayaw.
  3094 | D:3      | Found an iron altar of Okawaru.
  3105 | D:3      | Found a sparkling altar of Nemelex Xobeh.
  3115 | D:3      | Found a glowing silver altar of Zin.
  3492 | D:3      | Found a runed translucent door.
  3504 | D:3      | Noticed Robin
  3523 | D:3      | Reached skill level 5 in Unarmed Combat
  3528 | D:3      | Killed Robin
  3648 | D:3      | Reached XP level 6. HP: 30/47 MP: 8/10
  3981 | D:3      | Noticed chimenez's ghost (amateur DgFi)
  5336 | D:5      | Entered Level 5 of the Dungeon
  5336 | D:5      | Noticed Ijyb
  5607 | D:5      | Found Bad Urao's Gadget Emporium.
  5615 | D:5      | Killed from afar by Ijyb

Illustrated notes

Levels and vault maps discovered:
D:1:      dpeg_arrival_round_a, layout_loops_corners,
          chequers_serial_rivers_room_a, serial_bayou_pond_b,
          minmay_misc_feat_cross
D:2:      minmay_chambers_of_twos, layout_rooms
D:3:      layout_rooms, grunt_temple_overflow_cloverleaf,
          ebering_ghost_reflecting_pool, uniq_robin
D:4:      layout_basic
D:5:      layout_basic, nzn_overflow_gifts_of_might_and_magic,
          minmay_temple_entry_mini_moons, serial_shops,
          nicolae_shop_behind_doors, led_xom_imps, uniq_ijyb, uniq_blork_the_orc

Skill      XL: |  1  2  3  4  5  6 |
---------------+-------------------+-----
Unarmed Combat | 4 5 |  5.5
Transmutations | 3 4 |  4.0
Spellcasting   | 3 |  3.6
Dodging        | 2 |  2.3
Fighting       | 2 |  2.1

Action                   |  1- 3 |  4- 6 || total
-------------------------+-------+-------++-------
Melee: Unarmed           |   119 |   247 ||   366
       Kick              |    13 |    38 ||    51
       Headbutt          |     6 |    24 ||    30
       Tailslap          |    10 |    27 ||    37
       Punch             |     2 |     2 ||     4
 Cast: Beastly Appendage |    18 |    29 ||    47
       Wereblood         |       |     7 ||     7
  Use: Scroll            |       |    10 ||    10
 Stab: Sleeping          |     2 |     2 ||     4
Armor: Skin              |    33 |    40 ||    73
Dodge: Dodged            |    93 |   139 ||   232
